 Dungeon Crawl Stone Soup version 0.26.0-3-g156281e41b (webtiles) character file.

Game seed: 1382047727676171747

94 trckry the Shield-Bearer (level 4, -3/40 HPs)
             Began as a Minotaur Fighter on Jan 10, 2021.
             Killed from afar by an orc wizard (6 damage)
             ... with a puff of frost
             ... on level 2 of the Dungeon.
             The game lasted 00:03:05 (1900 turns).

trckry the Shield-Bearer (Minotaur Fighter)         Turns: 1900, Time: 00:03:05

Health: -3/40      AC: 13    Str: 21    XL:     4   Next: 38%
Magic:  3/3        EV:  4    Int:  5    God:
Gold:   71         SH: 14    Dex: 10    Spells: 3/3 levels left

rFire    . . .     SeeInvis .   a - +0 flail
rCold    . . .     Faith    .   c - +0 kite shield
rNeg     . . .     Spirit   .   h - +0 plate armour
rPois    .         Reflect  +   (helmet restricted)
rElec    .         Harm     .   e - +0 cloak
rCorr    .         Rampage  .   (no gloves)
Will     .....                  (no boots)
Stlth    ..........             b - amulet of reflection
HPRegen  0.13/turn              (no ring)
MPRegen  0.08/turn              (no ring)

@: no status effects
A: retaliatory headbutt, horns 2
a: no special abilities


You were on level 2 of the Dungeon.
You visited 1 branch of the dungeon, and saw 3 of its levels.

You collected 71 gold pieces.

Inventory:

Hand Weapons
 a - a +0 flail (weapon)
Armour
 c - a +0 kite shield (worn)
 e - a +0 cloak (worn)
 h - a +0 plate armour (worn)
Jewellery
 b - an amulet of reflection (around neck)
Scrolls
 f - 2 scrolls of identify {unknown}
 i - a scroll of teleportation {unknown}
 j - 4 scrolls of remove curse {unknown}
 p - a scroll of fog {unknown}
Potions
 d - a potion of might
 g - a potion of curing {unknown}
 k - a potion of heal wounds {unknown}
 l - a potion of mutation {unknown}
 m - a potion of resistance {unknown}
 n - a potion of invisibility {unknown}
 o - a potion of lignification {unknown}


   Skills:
 + Level 4.1 Fighting
 + Level 3.0 Maces & Flails
 + Level 1.3 Throwing
 + Level 4.2 Armour
 + Level 1.5 Dodging
 + Level 4.3 Shields


You had 3 spell levels left.
You didn't know any spells.
Your spell library was empty.

Dungeon Overview and Level Annotations

Branches:
Dungeon (3/15)

Altars:
Sif Muna


Innate Abilities, Weirdness & Mutations

You reflexively headbutt those who attack you in melee.
You have a pair of horns on your head.


Message History

Something hits you but does no damage.
You miss something. Something hits you but does no damage. Something hits you.
* * * LOW HITPOINT WARNING * * *
The orc wizard gestures at you while chanting.
The magic dart hits something.
You miss something.
Something hits you but does no damage. x2
You closely miss something. Your headbutt misses something.
Something hits you but does no damage.
You closely miss something. Your headbutt misses something.
Something hits you but does no damage.
You hear some strange, mumbled words.
You closely miss something. Your headbutt misses something.
You hear some strange, mumbled words.
A magic dart appears from out of thin air!
The magic dart hits you.
* * * LOW HITPOINT WARNING * * *
You hear some strange, mumbled words.
A puff of frost appears from out of thin air!
The puff of frost hits you.
You die...

#.+.......##....############
#.#.......##.#.)#..........#
#.....#.#.........########.#
#...#.#.####.#..##########.#
#.#........#.#..........(..#
#.....#.##.#.##>.###########
......#.#..#.###o#
#####.#<...#+###{# .#
#.#.#......#@# .#
#.#.#.#....#.# .#
#.#.###....#.#
.####.#........#.#
......####.#'###.#
.###..####.#.# #.#
.###.......#.###.#
...#.#######.....# ...#.#
#######


You could see an orc wizard (fast).

Vanquished Creatures
  3 adders (D:2)
  An ooze (D:2)
  3 worms (D:2)
  3 dart slugs
  3 leopard geckos
  An orc (D:2)
  2 ball pythons
  4 giant cockroaches
  5 goblins
  A hobgoblin (D:3)
  3 quokkas (D:2)
  5 bats
  5 frilled lizards
  4 kobolds
  4 rats
47 creatures vanquished.

Notes
Turn   | Place    | Note
-------+----------+-------------------------------------------
     0 | D:1      | trckry the Minotaur Fighter began the quest for the Orb.
     0 | D:1      | Reached XP level 1. HP: 19/19 MP: 0/0
   563 | D:1      | Reached XP level 2. HP: 25/27 MP: 1/1
   997 | D:2      | Reached XP level 3. HP: 19/33 MP: 2/2
  1086 | D:2      | Reached skill level 1 in Throwing
  1086 | D:2      | Reached skill level 1 in Dodging
  1567 | D:2      | Reached XP level 4. HP: 35/40 MP: 3/3
  1792 | D:3      | Found a shimmering blue altar of Sif Muna.
  1900 | D:2      | HP: 3/40 [something/magic dart (6)]
  1900 | D:2      | Killed from afar by an orc wizard

Illustrated notes

Levels and vault maps discovered:
D:1:      dpeg_arrival_refuge, layout_loops_corners
D:2:      layout_basic
D:3:      layout_rooms, corexii_item_surrounded_by_moat, grunt_ministairs_4,
          chequers_serial_rivers_room_b, led_sif_pool

Skill      XL: |  1  2  3 |
---------------+----------+-----
Shields        | 4 |  4.3
Throwing       | 1 |  1.3
Armour         | 4 |  4.2
Dodging        | 1 |  1.5
Fighting       | 4 |  4.1
Maces & Flails | 3 |  3.0

Action                   |  1- 3 |  4- 6 || total
-------------------------+-------+-------++-------
Melee: Flail             |    83 |    53 ||   136
       Headbutt          |    15 |     8 ||    23
Armor: Scale mail        |     6 |       ||     6
       Plate armour      |    25 |    54 ||    79
Dodge: Dodged            |    14 |     4 ||    18
Block: Kite shield       |    58 |    57 ||   115
